 Dungeon Sprint DCSS version 0.30-a0-722-g3e6e8c874d (webtiles) character file.

Game seed: 10149971582096393014

44891 BigDaddyOpFi the End of an Era (level 13, 0/119 HPs)
             Began as a Demonspawn Fighter on Jan 27, 2023.
             Was the Champion of Qazlal.
             Killed from afar by a black draconian knight (11 damage)
             ... with a shard of ice
             ... in the Dungeon (Sprint VII: "The Pits").
             The game lasted 00:08:17 (5221 turns).

BigDaddyOpFi the End of an Era (Demonspawn Fighter) Turns: 5221, Time: 00:08:18

Health: 0/119      AC: 25    Str: 20    XL:     13   Next: 98%
Magic:  30/30      EV: 12    Int: 14    God:    Qazlal [******]
Gold:   73         SH:  8    Dex: 13    Spells: 12/12 levels left

rFire   + + .      SeeInvis .    p - +7 great mace "Firestarter" {flame, inner flame, rFlCloud rF++}
rCold   + . .      Faith    .    (shield currently unavailable)
rNeg    . . .      Spirit   .    C - +5 plate armour
rPois   .          Reflect  .    (helmet unavailable)
rElec   .          Harm     .    o - +0 cloak
rCorr   .          Rampage  .    A - +0 pair of gloves {hurl}
Will    .....      NoTele   +    (no boots) Stlth
                                 (no amulet)
HPRegen 0.39/turn                b - +3 ring of evasion
MPRegen 0.44/turn                l - +3 ring of intelligence

@: protected from cold, repel missiles
A: horns 3, magic regeneration, demonic magic 3
a: Renounce Religion, Upheaval, Elemental Force, Disaster Area


You were in the Dungeon.
You worshipped Qazlal.
Qazlal was exalted by your worship.
You visited 1 branch You collected 73 gold pieces.

Inventory:

Hand Weapons
 d - a +2 war axe of freezing
 p - the +7 great mace "Firestarter" (weapon) {flame, inner flame, rFlCloud rF++}
   (You found it in the Dungeon)

   rFlCloud:  It grants immunity to clouds of flame.
   rF:        It greatly protects you from fire.
 v - a +8 vampiric broad axe
Missiles
 a - a throwing net (quivered)
Armour
 c - a +0 buckler
 o - a +0 cloak (worn)
 A - a +0 pair of gloves of hurling (worn)
 C - a +5 plate armour (worn)
Jewellery
 b - a +3 ring of evasion (left hand)
 i - a ring of fire
 l - a +3 ring of intelligence (right hand)
 q - a ring of see invisible
 r - a ring of poison resistance
 u - a ring of ice
 w - the ring of Ummiv {Ice Drain Int+2 Dex+3}
   (You took it off a vampire knight in the Dungeon)

   [ring of ice]

   It enhances your ice magic.
   Int:       It affects your intelligence (+2).
   Dex:       It affects your dexterity (+3).
   rF:        It makes you vulnerable to fire.
   rC:        It protects you from cold.
   Drain:     It drains your maximum health when unequipped.
 B - a ring of willpower
Wands
 t - a wand of light (11)
Scrolls
 j - 2 scrolls of blinking
 x - a scroll of fog
 y - a scroll of fear
 z - 2 scrolls of identify
Potions
 e - 9 potions of curing
 f - a potion of heal wounds
 g - 3 potions of haste
 h - 2 potions of magic
 k - 2 potions of invisibility
 m - a potion of resistance
 n - a potion of brilliance
 s - 2 potions of berserk rage


   Skills:
 + Level 16.7 Fighting
 - Level 14.4(14.8) Axes
 + Level 5.7(11.0) Maces & Flails
 + Level 15.6 Armour
 + Level 5.7 Dodging
 - Level 14.4 Shields
 O Level 27 Invocations


You had 12 spell levels left.
You didn't know any spells.
Your spell library contained the following spells:

 Spells                   Type           Power      Damage    Failure   Level
 Dazzling Flash           Conj/Hex       0%         N/A       100%        3
 Fulminant Prism          Conj/Hex       0%         3d5       100%        4
 Death's Door             Necr           0%         N/A       100%        9


Dungeon Overview and Level Annotations

Branches:
Dungeon (1/1)

Altars:
Ashenzari
Cheibriados
Dithmenos
Fedhas
Gozag
Hepliaklqana
Kikubaaqudgha
Makhleb
Nemelex Xobeh
Okawaru
Qazlal
Ru
Sif Muna
Trog
Uskayaw
Vehumet
Wu Jian
Xom
Yredelemnul
Jiyva
Lugonu

Annotations:
D Frances


Innate Abilities, Weirdness & Mutations

You have a pair of large horns on your head.
You regenerate magic rapidly.
Spells you cast and wands you use may paralyse nearby enemies.


Message History

A bolt of lightning appears from out of thin air!
The bolt of lightning hits you!!
* * * LOW HITPOINT WARNING * * *
The green death is engulfed in blazing flames.
Qazlal accepts your kill.
The green death explodes!
The fiery explosion engulfs something!
The fiery explosion engulfs something.
The fiery explosion engulfs the white draconian!!
The white draconian is moderately wounded.
A wizard comes into view. It is wielding a +2 dagger of draining.
Unknown command.
The white draconian is engulfed in blazing flames.
Qazlal accepts your kill.
Reactivating autopickup.
You feel a bit more experienced.
You hear some strange, mumbled words.
A shard of ice appears from out of thin air!
Deactivating autopickup; reactivate with Ctrl-A.
The shard of ice is repelled.
Frances is engulfed in blazing flames.
You feel much better.
Frances is engulfed in blazing flames.
The white draconian is engulfed in blazing flames.
The orange demon is engulfed in blazing flames.
You feel much better.
Frances is engulfed in blazing flames.
Something hits you!
Your resistance to fire fades away.
You feel protected from physical attacks.
The white draconian is engulfed in blazing flames.
Frances is engulfed in blazing flames.
You block Frances's attack.
The orange demon is engulfed in blazing flames.
You hit something but do no damage.
Frances is engulfed in blazing flames.
Frances whispers indecipherable words.
The shard of ice hits you!!!
Your resistance to physical damage fades away.
You feel protected from cold.
* * * LOW HITPOINT WARNING * * *
The white draconian is engulfed in blazing flames.
You hear some strange, mumbled words.
A shard of ice appears from out of thin air!
The shard of ice hits you! You partially resist.
You die...

......(..........#
[##############..#
)...#[['...'[[#..#
)...#[[#...#.[#..#
.#######...####..#
....#[..).....#..#
.[.)...)......#.§#
.)).#.).......#..#
.####.##'###'##°@#
##..#.#[[#[[[[#@{#
#..'.#[.#..[[#4d#
##############§§#
#N4# ...# .p.##
...## .p.#


You could see Frances (fast), a white draconian, a nagaraja, an orange demon
(summoned), a rust devil (summoned) and a wizard.

Vanquished Creatures
  A deep elf blademaster (D)
  A nagaraja (D)
  A fire giant (D)
  A frost giant (D)
  A balrug (D)
  2 orc warlords (D)
  A vampire knight (D)
  A deep elf annihilator (D)
  Azrael (D)
  Snorg (D)
  A blizzard demon (D)
  A green death (D)
  Harold (D)
  3 vault guards (D)
  A great orb of eyes (D)
  An ogre mage (D)
  A catoblepas (D)
  A boulder beetle (D)
  An alligator snapping turtle (D)
  A dancing weapon (D)
  4 two-headed ogres (D)
  An anaconda (D)
  A naga warrior (D)
  A death yak (D)
  2 vampire magi (D)
  Urug (D)
  3 deep elf knights (D)
  A swamp dragon (D)
  A sea snake (D)
  3 flayed ghosts (D)
  A phantasmal warrior (D)
  11 orc knights (D)
  A deep elf pyromancer (D)
  A deep elf zephyrmancer (D)
  An ugly thing (D)
  An orc sorcerer (D)
  2 rust devils (D)
  A demonic crawler (D)
  A gargoyle (D)
  A cane toad (D)
  2 rime drakes (D)
  2 kobold demonologists (D)
  An efreet (D)
  A komodo dragon (D)
  An ice devil (D)
  2 freezing wraiths (D)
  A wandering mushroom (D)
  2 trolls (D)
  A tyrant leech (D)
  A tarantella (D)
  3 blink frogs (D)
  4 dream sheep (D)
  3 hornets (D)
  Prince Ribbit (D)
  5 slime creatures (D)
  A wyvern (D)
  2 wraiths (D)
  2 spriggans (D)
  A shadow (D)
  An air elemental (D)
  2 fire elementals (D)
  A basilisk (D)
  A fire bat (D)
  A steam dragon (D)
  2 hell hounds (D)
  A floating eye (D)
  A swamp drake (D)
  2 sky beasts (D)
  7 wolves (D)
  An ogre (D)
  2 phantoms (D)
  A kobold brigand (D)
  A necrophage (D)
  A scorpion (D)
  9 wights (D)
  2 crimson imps (D)
  A jelly (D)
  2 gnolls (D)
  A river rat (D)
  2 ufetubi (D)
  2 adder zombies (D)
  5 orcs (D)
  A bat (D)
  An endoplasm (D)
  A giant cockroach (D)
  2 hobgoblins (D)
  4 kobolds (D)
  A quokka (D)
  A ball python (D)
  A ball python zombie (D)
  2 frilled lizards (D)
161 creatures vanquished.

Vanquished Creatures (others)
  A ghost moth (D)
1 creature vanquished.

Grand Total: 162 creatures vanquished

Notes
Turn   | Place    | Note
-------+----------+-------------------------------------------
     0 | D        | BigDaddyOpFi the Demonspawn Fighter began the quest for the
                  | Orb.
     0 | D        | Reached XP level 1. HP: 18/18 MP: 1/1
    14 | D        | Found a bloodstained altar of Trog.
    14 | D        | Found a shimmering blue altar of Sif Muna.
    14 | D        | Found a viscous altar of Jiyva.
    14 | D        | Found a hazy altar of Hepliaklqana.
    14 | D        | Found an opulent altar of Gozag.
    15 | D        | Found a basalt altar of Yredelemnul.
    15 | D        | Found a shimmering altar of Xom.
    15 | D        | Found an ornate altar of the Wu Jian Council.
    15 | D        | Found a sacrificial altar of Ru.
    15 | D        | Found a stormy altar of Qazlal.
    15 | D        | Found an iron altar of Okawaru.
    15 | D        | Found a sparkling altar of Nemelex Xobeh.
    15 | D        | Found a burning altar of Makhleb.
    15 | D        | Found a blossoming altar of Fedhas.
    15 | D        | Found a shadowy altar of Dithmenos.
    15 | D        | Found a snail-covered altar of Cheibriados.
    17 | D        | Found a corrupted altar of Lugonu.
    17 | D        | Found a radiant altar of Vehumet.
    18 | D        | Found an ancient bone altar of Kikubaaqudgha.
    18 | D        | Found a hide-covered altar of Uskayaw.
    18 | D        | Found a broken altar of Ashenzari.
    21 | D        | Became a worshipper of Qazlal Stormbringer
    51 | D        | Reached skill level 1 in Invocations
    65 | D        | Reached * piety under Qazlal
    66 | D        | Reached skill level 3 in Invocations
    66 | D        | Gained mutation: Spells you cast may paralyse adjacent
                  | enemies. [demonic ancestry]
    66 | D        | Reached XP level 2. HP: 18/24 MP: 1/4
   151 | D        | Noticed a floating eye
   153 | D        | Paralysed by a floating eye for 4 turns
   159 | D        | Reached ** piety under Qazlal
   160 | D        | Killed a floating eye
   161 | D        | Reached skill level 5 in Fighting
   161 | D        | Reached skill level 7 in Invocations
   161 | D        | Gained mutation: You have a pair of small horns on your
                  | head. [demonic ancestry]
   161 | D        | Reached XP level 3. HP: 20/33 MP: 5/8
   161 | D        | Reached XP level 4. HP: 23/39 MP: 5/9
   163 | D        | Reached XP level 5. HP: 27/44 MP: 5/10
   236 | D        | Noticed Prince Ribbit
   241 | D        | Reached *** piety under Qazlal
   248 | D        | Reached skill level 5 in Armour
   248 | D        | Reached skill level 8 in Invocations
   250 | D        | Reached skill level 5 in Shields
   250 | D        | Reached skill level 9 in Invocations
   258 | D        | Reached **** piety under Qazlal
   259 | D        | Reached skill level 5 in Axes
   259 | D        | Gained mutation: You have a pair of horns on your head.
                  | [demonic ancestry]
   259 | D        | Reached XP level 6. HP: 44/52 MP: 11/13
   261 | D        | Reached skill level 10 in Invocations
   285 | D        | Killed Prince Ribbit
   286 | D        | Reached skill level 11 in Invocations
   286 | D        | Gained mutation: Spells you cast may paralyse nearby
                  | enemies. [demonic ancestry]
   286 | D        | Reached XP level 7. HP: 26/60 MP: 13/15
   604 | D        | Reached ***** piety under Qazlal
   607 | D        | Noticed a flayed ghost
   625 | D        | Killed a flayed ghost
   626 | D        | Reached skill level 13 in Invocations
   626 | D        | Gained mutation: You have a pair of large horns on your
                  | head. [demonic ancestry]
   626 | D        | Reached XP level 8. HP: 68/68 MP: 15/17
   889 | D        | Noticed a komodo dragon
   889 | D        | Noticed a dream sheep
   889 | D        | Noticed a dream sheep
   889 | D        | Noticed a dream sheep
   889 | D        | Noticed a dream sheep
   892 | D        | Killed a dream sheep
   892 | D        | Killed a dream sheep
   892 | D        | Killed a komodo dragon
   892 | D        | Killed a dream sheep
   892 | D        | Killed a dream sheep
   892 | D        | Reached ****** piety under Qazlal
   893 | D        | Reached skill level 15 in Invocations
   893 | D        | Gained mutation: You regenerate magic rapidly. [demonic
                  | ancestry]
   893 | D        | Reached XP level 9. HP: 58/76 MP: 10/20
  1104 | D        | Noticed a flayed ghost
  1108 | D        | Killed a flayed ghost
  1109 | D        | Reached skill level 16 in Invocations
  1109 | D        | Noticed a boulder beetle
  1162 | D        | Killed a boulder beetle
  1163 | D        | Reached skill level 10 in Fighting
  1163 | D        | Reached skill level 17 in Invocations
  1163 | D        | Gained mutation: Spells you cast and wands you use may
                  | paralyse nearby enemies. [demonic ancestry]
  1163 | D        | Reached XP level 10. HP: 33/85 MP: 22/22
  1506 | D        | Noticed a flayed ghost
  1506 | D        | Killed a flayed ghost
  1507 | D        | Reached skill level 10 in Armour
  1507 | D        | Reached skill level 18 in Invocations
  1509 | D        | Noticed an orc sorcerer
  1510 | D        | Noticed a swamp dragon
  1512 | D        | Paralysed by an orc sorcerer for 2 turns
  1514 | D        | Killed an orc sorcerer
  1514 | D        | Killed a swamp dragon
  1515 | D        | Reached skill level 10 in Axes
  1515 | D        | Reached skill level 10 in Shields
  1604 | D        | Noticed a demonic crawler
  1644 | D        | Killed a demonic crawler
  1645 | D        | Reached skill level 19 in Invocations
  1911 | D        | Noticed a deep elf zephyrmancer
  1915 | D        | Killed a deep elf zephyrmancer
  2020 | D        | Noticed a red ugly thing
  2031 | D        | Killed a red ugly thing
  2032 | D        | Reached XP level 11. HP: 63/94 MP: 17/24
  2284 | D        | Noticed a two-headed ogre
  2284 | D        | Noticed a two-headed ogre
  2284 | D        | Noticed a two-headed ogre
  2284 | D        | Noticed Harold
  2285 | D        | Noticed an ogre mage
  2285 | D        | Noticed a two-headed ogre
  2290 | D        | Killed a two-headed ogre
  2290 | D        | Killed a two-headed ogre
  2290 | D        | Killed Harold
  2290 | D        | Killed a two-headed ogre
  2290 | D        | Killed an ogre mage
  2290 | D        | Killed a two-headed ogre
  2291 | D        | Reached skill level 21 in Invocations
  2574 | D        | Acquired a +2 vampiric broad axe
  2657 | D        | Noticed a phantasmal warrior
  2664 | D        | Killed a phantasmal warrior
  2665 | D        | Reached skill level 22 in Invocations
  3260 | D        | Noticed Snorg
  3261 | D        | Noticed Urug
  3264 | D        | Killed Urug
  3265 | D        | Reached XP level 12. HP: 105/105 MP: 18/27
  3272 | D        | Killed Snorg
  3634 | D        | Reached skill level 23 in Invocations
  3831 | D        | Noticed an alligator snapping turtle
  3831 | D        | Identified the ring of Ummiv {Ice Drain Int+2 Dex+3}
  3831 | D        | Noticed a vampire knight
  3831 | D        | Noticed a frost giant
  3831 | D        | Noticed Azrael
  3832 | D        | Killed a vampire knight
  3832 | D        | Killed Azrael
  3840 | D        | Killed an alligator snapping turtle
  3843 | D        | Killed a frost giant
  3973 | D        | Got the Catalogue of Sinister Rituals and Conflict
  4122 | D        | Noticed an orc warlord
  4123 | D        | Noticed an orc warlord
  4129 | D        | Killed an orc warlord
  4130 | D        | Reached skill level 24 in Invocations
  4131 | D        | Killed a ghost moth
  4135 | D        | Killed an orc warlord
  4136 | D        | Reached skill level 25 in Invocations
  4136 | D        | Reached XP level 13. HP: 72/114 MP: 8/29
  4154 | D        | Noticed a balrug
  4157 | D        | Killed a balrug
  4158 | D        | Reached skill level 15 in Fighting
  4182 | D        | Reached skill level 26 in Invocations
  4184 | D        | Noticed a deep elf annihilator
  4188 | D        | Killed a deep elf annihilator
  4189 | D        | Noticed a deep elf blademaster
  4205 | D        | Killed a deep elf blademaster
  4610 | D        | Found the +7 great mace "Firestarter" {flame, inner flame,
                  | rFlCloud rF++}
  4708 | D        | Noticed a nagaraja
  4708 | D        | Noticed a fire giant
  4717 | D        | Killed a fire giant
  4717 | D        | Killed a nagaraja
  4724 | D        | Reached skill level 15 in Armour
  4724 | D        | Reached skill level 27 in Invocations
  4724 | D        | HP: 5/118 [catoblepas (16)]
  4738 | D        | HP: 2/119 [poisoned by a sea snake]
  4749 | D        | Reached skill level 5 in Maces & Flails
  4749 | D        | Reached skill level 5 in Dodging
  5205 | D        | Noticed a blizzard demon
  5205 | D        | Noticed a green death
  5207 | D        | Noticed a black draconian knight
  5207 | D        | Noticed a white draconian
  5213 | D        | Noticed Frances
  5215 | D        | Noticed a nagaraja
  5217 | D        | Killed a blizzard demon
  5217 | D        | Killed a green death
  5221 | D        | Killed from afar by a black draconian knight

Illustrated notes

Levels and vault maps discovered:
D:        pitsprint [storerooms_1, entrance_room_1, metal_vault_1, armoury_2,
          mini_pit_1, grid_room_1, main_hall_1, silver_pit, the_coven_1,
          the_vestibule_1, steel_vault_3, golden_pit, hallway_of_sentries,
          crystal_vault_1, iron_vault_4, final_vault]

Skill      XL: |  1  2  3  4  5  6  7  8  9 10 11 12 13 |
---------------+----------------------------------------+-----
Axes           | 2 4 5 6 7 8 9 10 12 13 14 | 14.4
Invocations    | 3 7 9 11 13 15 17 19 22 25 27 | 27.0
Armour         | 3 4 5 6 7 8 9 10 12 13 15 | 15.6
Shields        | 3 4 5 6 7 8 9 10 12 13 14 | 14.4
Fighting       | 5 6 7 9 10 11 13 14 16 | 16.7
Maces & Flails | 5 |  5.7
Dodging        | 5 |  5.7

Action                     |  1- 3 |  4- 6 |  7- 9 | 10-12 | 13-15 || total
---------------------------+-------+-------+-------+-------+-------++-------
  Melee: War axe           |    30 |    44 |    68 |    57 |       ||   199
         Headbutt          |       |     6 |    16 |    25 |    10 ||    57
         Broad axe         |       |       |       |    52 |    25 ||    77
         Great mace        |       |       |       |       |    33 ||    33
  Throw: Throwing net      |       |       |       |       |     1 ||     1
 Invoke: Disaster Area     |       |       |     2 |    10 |     3 ||    15
         Upheaval          |       |       |     1 |       |       ||     1
    Use: Potion            |     2 |     2 |     4 |     8 |    10 ||    26
         Scroll            |       |       |       |     7 |       ||     7
 Armour: Scale mail        |    29 |     1 |       |       |       ||    30
         Chain mail        |       |    20 |    15 |    99 |    10 ||   144
         Plate armour      |       |       |       |       |    28 ||    28
  Dodge: Dodged            |    27 |    14 |    16 |    58 |    17 ||   132
         Repelled          |       |       |       |       |     2 ||     2
  Block: Buckler           |    21 |    21 |    34 |   117 |    25 ||   218
         Other             |       |       |       |       |    13 ||    13

Table legend: (Time is in decaauts)
 A = Elapsed time spent in this place.
 B = Non-inter-level travel time spent in this place.
 C = Inter-level travel time spent in this place.
 D = Time resting spent in this place.
 E = Time spent auto-exploring this place.
 F = Levels seen in this place.
 G = Mean time per level.
                   A        B        C        D        E       F      G
               +--------+--------+--------+--------+--------+-----+--------+
         Total |   5294 |   5164 |    130 |   3777 |      0 |   1 | 5294.0 |
       Dungeon |   5294 |   5164 |    130 |   3777 |      0 |   1 | 5294.0 |
               +--------+--------+--------+--------+--------+-----+--------+

Top non-repeatable levels by time:
       D: 5294 daAuts
